 Dungeon Crawl Stone Soup version 0.26.1-11-gd32895ea62 (webtiles) character file.

Game seed: 8861070293175453218

486521 Almogavar the Conqueror (level 23, -2/240 HPs)
             Began as a Minotaur Berserker on May 12, 2021.
             Was the Champion of Trog.
             Slain by a fire giant
             ... wielding a +1 great sword of flaming
              (9 damage)
             ... on level 5 of the Vaults.
             The game lasted 03:24:55 (60950 turns).

Almogavar the Conqueror (Minotaur Berserker)       Turns: 60950, Time: 03:24:56

Health: -2/240     AC: 52    Str: 38    XL:     23   Next: 51%
Magic:  0/19       EV: 17    Int:  9    God:    Trog [******]
Gold:   4837       SH: 19    Dex: 11    Spells: 22/22 levels left

rFire    x . .     SeeInvis +   C - +12 falchion "Ynnuit" {vamp, +Fly rPois rN+ Int+4}
rCold    + + .     Faith    .   H - +4 kite shield {AC+3}
rNeg     + + .     Spirit   +   q - +13 crystal plate armour "Zenuth" {rN+}
rPois    +         Reflect  .   T - +2 hat {SInv}
rElec    .         Harm     .   J - +2 cloak
rCorr    .         Rampage  .   D - +1 pair of gloves
Will     ++...     Rnd*Rage +   W - +1 pair of boots Stlth ..........Rnd*Tele +
                                c - amulet of guardian spirit
HPRegen  0.00/turn              y - ring of Othrid {rC+ Int+3}
MPRegen  0.16/turn              G - ring "Avevimm" {Ice *Contam Will+ Str+9 Int-2}

@: about to teleport, berserk cooldown, slowed, studying Crossbows, very slow
A: retaliatory headbutt, horns 2, berserk 1, dopey 1, low mp 1, inhibited
regeneration, teleportitis 1
}: 3/15 runes: decaying, serpentine, slimy
a: Renounce Religion, Evoke Flight, Berserk, Trog's Hand, Brothers in Arms


You were on level 5 of the Vaults.
You worshipped Trog.
Trog was exalted by your worship.
You visited 7 branches of the dungeon, and saw 41 of its levels.
You also visited: Bailey and Ice Cave.

You collected 5615 gold pieces.
You spent 778 gold pieces at shops.

Inventory:

Hand Weapons
 a - a +9 demon blade of flaming
 w - the +9 hand crossbow "Ameoceqi" {venom, +Fly rF+ Int+2 Dex-2}
   (You found it on level 5 of the Pits of Slime)

   It poisons the ammo it fires.
   It affects your intelligence (+2).
   It affects your dexterity (-2).
   It protects you from fire.
   It lets you fly.
 C - the +12 falchion "Ynnuit" (weapon) {vamp, +Fly rPois rN+ Int+4}
   (You found it on level 2 of the Vaults)

   It inflicts no extra harm, but heals its wielder when it wounds a living foe.
   It affects your intelligence (+4).
   It protects you from poison.
   It protects you from negative energy.
   It lets you fly.
 L - the +6 long sword "Ocwug" {flame, rF+}
   (Trog gifted it to you on level 2 of the Lair of Beasts)

   It has been specially enchanted to burn those struck by it, causing extra
   injury to most foes and up to half again as much damage against particularly
   susceptible opponents.
   Big, fiery blades are also staple armaments of hydra-hunters.
   It protects you from fire.
Missiles
 p - 1118 bolts
Armour
 q - the +13 crystal plate armour "Zenuth" (worn) {rN+}
   (You found it on level 5 of the Pits of Slime)

   It protects you from negative energy.
 D - a +1 pair of gloves (worn)
 H - a +4 kite shield of protection (worn)
 J - a +2 cloak (worn)
 S - the -5 hat "Faas" {rCorr Int+4 Slay+2}
   (You found it on level 11 of the Dungeon)

   It affects your intelligence (+4).
   It affects your accuracy and damage with ranged weapons and melee attacks
   (+2).
   It provides partial protection from all sources of acid and corrosion.
 T - a +2 hat of see invisible (worn)
 W - a +1 pair of boots (worn)
Jewellery
 c - an amulet of guardian spirit (around neck)
 f - an uncursed amulet of regeneration
 g - a +4 ring of evasion
 s - an uncursed ring of resist corrosion
 v - an uncursed ring of protection from fire
 y - the ring of Othrid (left hand) {rC+ Int+3}
   (You acquired it on level 8 of the Dungeon)

   [ring of protection from cold]

   It affects your intelligence (+3).
   It protects you from cold.
 G - the ring "Avevimm" (right hand) {Ice *Contam Will+ Str+9 Int-2}
   (You acquired it on level 2 of the Swamp)

   [ring of ice]

   It enhances your ice magic.
   It affects your strength (+9).
   It affects your intelligence (-2).
   It makes you vulnerable to fire.
   It protects you from cold.
   It affects your willpower, your defense against some magical effects.
   It causes magical contamination when unequipped.
 V - the ring "Zeotyduv" {rPois rN+ Dex+4 Stlth+}
   (You took it off a yaktaur captain on level 5 of the Vaults)

   [ring of stealth]

   It affects your dexterity (+4).
   It protects you from poison.
   It protects you from negative energy.
   It makes you more stealthy.
Wands
 i - a wand of iceblast (17)
 j - a wand of digging (14)
 o - a wand of disintegration (48)
 t - a wand of enslavement (22)
 P - a wand of flame (47)
 R - a wand of acid (27)
 U - a wand of random effects (27)
 Y - a wand of paralysis (19)
Scrolls
 k - 11 scrolls of fear
 l - 27 scrolls of remove curse
 n - 9 scrolls of teleportation
 A - 2 scrolls of enchant armour
 B - 8 scrolls of blinking
 E - 8 scrolls of identify
 I - 3 scrolls of magic mapping
 O - 2 scrolls of fog
 X - 3 scrolls of silence
Potions
 b - a potion of invisibility
 d - 6 potions of flight
 h - 6 potions of curing
 r - 5 potions of might
 u - 5 potions of resistance
 F - 3 potions of heal wounds
 M - 3 potions of cancellation
 Q - 2 potions of haste
Books
 e - a manual of Crossbows
Miscellaneous
 m - a box of beasts
 x - a condenser vane
 z - a lightning rod (4/4)
 K - a phantom mirror
 N - a tin of tremorstones (2/2)
 Z - a phial of floods


   Skills:
 O Level 27 Fighting
 - Level 14.1 Long Blades
 - Level 1.8 Slings
 - Level 11.9 Crossbows
 - Level 18.0 Armour
 * Level 21.8 Dodging
 - Level 15.0 Shields
 * Level 17.1 Evocations


You had 22 spell levels left.
You didn't know any spells.
Your spell library was empty.

Dungeon Overview and Level Annotations

Branches:
Dungeon (15/15)            Temple (0/1) D:4            Lair (6/6) D:8
  Swamp (4/4) Lair:2        Snake (4/4) Lair:2        Slime (5/5) Lair:5
    Orc (2/2) D:12            Elf (0/3) Orc:2        Vaults (5/5) D:13
  Crypt (0/3) Vaults:2     Depths (0/5) D:15         Bailey (visited)
  IceCv (visited)

Altars:
Ashenzari
Cheibriados
Dithmenos
Elyvilon
Fedhas
Gozag
Hepliaklqana
Nemelex Xobeh
Okawaru
Trog
Uskayaw
Xom
Yredelemnul
The Shining One
Beogh
Jiyva

Shops:
D:4 (   D:6 *   D:11 [}}:   D:14 *   Orc:2 (=(*   Snake:3 *   Vaults:1 :
Vaults:3 [

Annotations:
D:3 1 runed translucent door
D:9 exclusion: orange crystal statue
Swamp:3 exclusion: 2 oklob plants


Innate Abilities, Weirdness & Mutations

You reflexively headbutt those who attack you in melee.
You have a pair of horns on your head.
You tend to lose your temper in combat.
You are dopey. (Int -2)
Your magical capacity is low. (-10% MP)
You do not regenerate when monsters are visible.
You are occasionally teleported next to monsters.


Message History

You kill the orc knight!
Trog accepts your kill.
The sentinel's mark upon you fades away.
The deep troll changes into an eye of devastation!
The golden dragon is engulfed in blazing flames.
The golden dragon bites you! You block the golden dragon's attack.
The golden dragon tramples you.
You stumble backwards!
The fire giant is engulfed in blazing flames.
The fire giant hits you but does no damage.
You block the fire giant's attack. 2 ogres come into view.
You hit the golden dragon but do no damage.
The golden dragon is lightly wounded.
You are engulfed in blazing flames.
* * * LOW HITPOINT WARNING * * *
The golden dragon breathes fire at you. The bolt of fire hits you!!!
The fire burns you terribly!
* * * LOW HITPOINT WARNING * * *
The fire giant hits you with a +1 great sword of flaming!
You die...

..#... .. .. ..[.......
°§. #.........# #§##
#§..#.....##...#
#§....#..○#§..
#...#.§§#§§[ #....(#§§§#
#...#§§C@§# #....§§○DC#
#...§°§§○°§☼....
#...#§§§(°..§#..
$..#....#...GO§§§§§.§...
.e#....#.§§#§#○§§§.#.#.
#.#....#§§O§§§.........
##.#....#§O§#.#.#..#.#.#
......................


You could see a golden dragon (catching breath), 2 fire giants, an eye of
devastation shaped shifter, an ogre mage and 2 ogres.

Vanquished Creatures
  the Royal Jelly (Slime:5)
  Vashnia (Snake:4)
  Xtahua (Vaults:2)
  2 golden dragons (Vaults:5)
  2 titans (Vaults:5)
  28 acid blobs
  A lich (Vaults:5)
  3 thorn hunters
  5 tengu reavers (Vaults:5)
  A sphinx (Vaults:5)
  4 storm dragons
  Donald (Swamp:1)
  14 azure jellies
  A fire giant (D:14)
  9 nagarajas
  22 vault wardens
  4 frost giants
  A deep elf sorcerer (Vaults:1)
  2 deep elf elementalists (Vaults:5)
  3 war gargoyles (Vaults:5)
  18 ironheart preservers
  15 stone giants
  4 very ugly things
  2 deep elf demonologists
  2 entropy weavers (Vaults:2)
  2 bunyips
  2 large abominations (Vaults:5)
  4 eleionomae
  10 ettins
  A green death (Slime:2)
  2 deep elf death magi
  2 fire dragons
  3 shambling mangroves (Swamp:3)
  2 deep elf high priests (Vaults:5)
  8 great orbs of eyes
  16 death oozes
  A jiangshi (Vaults:2)
  17 yaktaur captains
  2 ice dragons
  9 ogre magi
  3 rakshasas (Vaults:2)
  20 hydras
  29 naga warriors
  37 vault guards
  3 ghost crabs
  8 boulder beetles
  3 death knights
  A queen ant (shapeshifter) (Vaults:5)
  13 anacondas
  9 alligators
  7 centaur warriors
  An alligator (shapeshifter) (Vaults:5)
  28 two-headed ogres
  A vampire mage (Vaults:2)
  13 death yaks
  A tengu warrior (D:14)
  2 catoblepae
  2 spriggan berserkers (Swamp:4)
  3 deep troll shamans
  A deep troll earth mage (Vaults:1)
  16 naga sharpshooters
  3 orc high priests
  5 shock serpents
  A shock serpent (shapeshifter) (Vaults:5)
  7 deep elf knights
  3 salamander mystics
  4 shadow wraiths
  2 unseen horrors (Vaults:1)
  A glowing orange brain (Slime:5)
  A sea snake (shapeshifter) (Vaults:5)
  6 wizards
  11 swamp dragons
  4 goliath frogs
  8 bog bodies
  4 spriggan druids
  9 deep trolls
  7 skeletal warriors
  6 naga ritualists
  An unseen horror (shapeshifter) (Vaults:1)
  5 deep elf archers
  21 ironbrand convokers
  A flayed ghost (Vaults:3)
  4 harpies (Vaults:3)
  3 necromancers
  A wolf spider zombie (D:15)
  2 phantasmal warriors
  A lindwurm (Lair:6)
  25 orc knights
  A sphinx skeleton (Vaults:3)
  21 deep elf magi
  9 shining eyes
  5 wolf spiders
  65 ugly things
  5 orc sorcerers
  6 mana vipers
  A faun (shapeshifter) (Vaults:3)
  A fire giant skeleton (Vaults:3)
  5 will-o-the-wisps
  2 oklob plants (Lair:3)
  6 salamanders
  12 cyclopes
  Joseph (D:9)
  34 black mambas
  An ice statue (IceCv)
  35 naga magi
  15 elephants
  10 vault sentinels
  A black mamba (shapeshifter) (D:13)
  5 guardian serpents
  A storm dragon simulacrum (Vaults:3)
  6 torpor snails
  4 eyes of devastation
  Psyche (D:12)
  A cane toad (shapeshifter) (Vaults:2)
  10 cane toads
  2 gargoyles
  A komodo dragon (shapeshifter) (D:7)
  A rime drake (shapeshifter) (Vaults:3)
  Maggie (D:7)
  3 rime drakes
  A yaktaur (shapeshifter) (Vaults:2)
  7 kobold demonologists
  6 freezing wraiths
  3 komodo dragons
  3 small abominations (Vaults:5)
  22 yaktaurs
  A tengu conjurer (D:14)
  15 polar bears
  A jumping spider (Vaults:2)
  5 trolls
  10 tyrant leeches
  A bloated husk (Swamp:2)
  23 hornets
  104 slime creatures
  34 blink frogs
  A tengu simulacrum (Vaults:3)
  A wind drake (shapeshifter) (D:7)
  7 dream sheep (Lair:5)
  2 human simulacra
  A spriggan (shapeshifter) (Vaults:5)
  A vampire (D:13)
  A tarantella (shapeshifter) (Vaults:2)
  2 shadows
  5 redbacks (Vaults:2)
  6 spriggans
  3 water elementals (D:14)
  5 wraiths
  9 wyverns
  14 golden eyes
  A hog (shapeshifter) (Vaults:4)
  18 humans (D:13)
  62 yaks
  4 basilisks
  A redback simulacrum (D:14)
  9 wargs
  8 vampire mosquitoes
  10 swamp worms
  An acid dragon (Vaults:2)
  2 soldier ants (D:8)
  81 nagas
  11 water moccasins
  6 swamp drakes
  3 floating eyes
  3 ice beasts
  6 sky beasts
  56 orc warriors
  A hornet zombie (D:15)
  2 black bears
  A boulder beetle simulacrum (Vaults:2)
  31 ogres
  8 eyes of draining
  3 boggarts (Vaults:3)
  A phantom (D:5)
  15 centaurs
  29 wolves
  A tengu (shapeshifter) (Vaults:5)
  A human skeleton (Vaults:3)
  13 big kobolds
  19 bullfrogs
  9 gnoll sergeants
  A water moccasin zombie (D:8)
  A wyvern zombie (D:14)
  2 scorpions
  2 wyvern skeletons
  2 water moccasin skeletons
  19 killer bees
  3 wights (D:13)
  6 howler monkeys
  3 electric eels
  A crimson imp (D:11)
  3 lava snakes (D:9)
  4 bullfrog skeletons
  7 jellies
  16 orc priests
  15 hounds
  6 centaur skeletons
  8 gnoll shamans
  An iron imp (D:11)
  6 iguanas
  23 orc wizards
  Natasha (D:2)
  6 worker ants
  2 hound skeletons
  2 worker ant zombies
  Robin (D:4)
  34 gnolls
  12 adders
  A howler monkey skeleton (D:11)
  2 shadow imps
  16 white imps
  2 ufetubi
  An ooze (D:2)
  2 adder skeletons
  2 adder zombies
  4 worms
  2 dart slugs
  7 leopard geckos
  134 orcs
  4 giant cockroaches
  21 goblins
  12 hobgoblins
  12 jackals
  2 quokkas
  5 ball pythons
  4 bats
  4 frilled lizards
  40 kobolds
  8 rats
  2 briar patches (Swamp:3)
  2 crawling corpses (Vaults:5)
  A fungus (D:8)
  A plant (Lair:6)
2035 creatures vanquished.

Vanquished Creatures (collateral kills)
  2 acid blobs (Slime:5)
  2 azure jellies
  A bunyip (Swamp:4)
  A death ooze (Slime:5)
  Erolcha (Orc:1)
  2 hydras (Swamp:4)
  A skeletal warrior (D:12)
  A swamp dragon (Swamp:4)
  A vampire (D:12)
  An eye of draining (Slime:5)
  2 orc warriors (Orc:1)
15 creatures vanquished.

Vanquished Creatures (others)
  An eleionoma (Swamp:1)
  A vault guard (Vaults:5)
  An alligator (Swamp:4)
  A bloated husk (Swamp:2)
  An orc warrior (Vaults:5)
  An ogre (Vaults:4)
  A centaur (Vaults:1)
  A hound (D:11)
  3 orc wizards
  6 orcs
  A briar patch (Swamp:3)
  A bush (D:6)
  30 foxfires
  37 fungi
  31 plants
117 creatures vanquished.

Grand Total: 2167 creatures vanquished

Notes
Turn   | Place    | Note
-------+----------+-------------------------------------------
     0 | D:1      | Almogavar the Minotaur Berserker began the quest for the
                  | Orb.
     0 | D:1      | Reached XP level 1. HP: 19/19 MP: 0/0
   258 | D:1      | Reached XP level 2. HP: 27/27 MP: 1/1
   344 | D:1      | Found a broken altar of Ashenzari.
   530 | D:1      | Reached skill level 4 in Fighting
  1689 | D:2      | Reached XP level 3. HP: 33/33 MP: 2/2
  1789 | D:2      | Noticed an ice beast
  1807 | D:2      | Killed an ice beast
  1808 | D:2      | Reached skill level 5 in Long Blades
  1808 | D:2      | Reached XP level 4. HP: 41/41 MP: 3/3
  1808 | D:2      | Reached XP level 5. HP: 47/47 MP: 4/4
  2041 | D:2      | Reached ** piety under Trog
  2146 | D:2      | Noticed Natasha
  2150 | D:2      | Killed Natasha
  2151 | D:2      | Reached skill level 5 in Fighting
  2189 | D:2      | Noticed a sky beast
  2202 | D:2      | Killed a sky beast
  2203 | D:2      | Reached XP level 6. HP: 56/56 MP: 5/5
  2277 | D:2      | Found a bloodstained altar of Trog.
  2597 | D:3      | Found a runed translucent door.
  2597 | D:3      | Noticed a human
  2668 | D:3      | Found a white marble altar of Elyvilon.
  3016 | D:3      | Reached XP level 7. HP: 59/61 MP: 4/6
  3080 | D:3      | Reached *** piety under Trog
  3249 | D:3      | Found a basalt altar of Yredelemnul.
  3356 | D:4      | Found a sparkling altar of Nemelex Xobeh.
  3358 | D:4      | Found Bexten's Weapon Shop.
  3365 | D:4      | Found a glowing golden altar of the Shining One.
  3366 | D:4      | Found a hazy altar of Hepliaklqana.
  3366 | D:4      | Found a hide-covered altar of Uskayaw.
  3596 | D:4      | Reached skill level 5 in Armour
  3713 | D:4      | Reached skill level 6 in Fighting
  3788 | D:4      | Found an iron altar of Okawaru.
  3791 | D:4      | Found a basalt altar of Yredelemnul.
  4042 | D:4      | Noticed Robin
  4051 | D:4      | Reached **** piety under Trog
  4057 | D:4      | Killed Robin
  4285 | D:4      | Found a staircase to the Ecumenical Temple.
  4350 | D:5      | Entered Level 5 of the Dungeon
  4559 | D:5      | Reached XP level 8. HP: 66/70 MP: 3/7
  5849 | D:6      | Reached skill level 7 in Fighting
  5849 | D:6      | Reached skill level 5 in Dodging
  6234 | D:6      | Reached skill level 10 in Long Blades
  6387 | D:6      | Found an opulent altar of Gozag.
  6539 | D:6      | Reached XP level 9. HP: 59/79 MP: 5/8
  6786 | D:6      | Found a shadowy altar of Dithmenos.
  6786 | D:6      | Found a faded altar of an unknown god.
  6794 | D:6      | Found a faded altar of an unknown god.
  6796 | D:6      | Found a broken altar of Ashenzari.
  6798 | D:6      | Found a snail-covered altar of Cheibriados.
  7029 | D:6      | Found Distried's Assorted Antiques.
  7082 | D:7      | Noticed Maggie
  7091 | D:7      | Killed Maggie
  7377 | D:7      | Reached ***** piety under Trog
  7616 | D:7      | Found a shimmering altar of Xom.
  7618 | D:7      | Found a shimmering altar of Xom.
  7618 | D:7      | Found a shimmering altar of Xom.
  7618 | D:7      | Found a shimmering altar of Xom.
  7619 | D:7      | Found a shimmering altar of Xom.
  7620 | D:7      | Found a shimmering altar of Xom.
  7620 | D:7      | Found a shimmering altar of Xom.
  7620 | D:7      | Found a shimmering altar of Xom.
  7758 | D:8      | Found a staircase to the Lair.
  7794 | D:8      | Reached skill level 8 in Fighting
  8041 | D:8      | Identified a scroll of acquirement
  8042 | D:8      | Acquired the ring of Othrid {rC+ Int+3}
  8443 | D:8      | Reached XP level 10. HP: 85/89 MP: 7/9
  8792 | D:9      | Found a flagged portal.
  8802 | Bailey   | Entered a bailey
  8964 | Bailey   | Received a gift from Trog
  9660 | D:9      | Found a blossoming altar of Fedhas.
  9847 | D:9      | Reached skill level 9 in Fighting
  9896 | D:9      | Noticed an orange crystal statue
 10446 | D:9      | Noticed Joseph
 10707 | D:9      | Killed Joseph
 10708 | D:9      | Reached skill level 1 in Slings
 10708 | D:9      | Reached skill level 10 in Armour
 11087 | D:10     | Entered Level 10 of the Dungeon
 11386 | D:10     | Received a gift from Trog
 11411 | D:10     | Noticed a green ugly thing
 11417 | D:10     | Killed a green ugly thing
 11462 | D:10     | Noticed a deep troll
 11466 | D:10     | Killed a deep troll
 11467 | D:10     | Reached XP level 11. HP: 97/97 MP: 8/10
 11646 | D:11     | Noticed a two-headed ogre
 11658 | D:10     | Killed a two-headed ogre
 11708 | D:11     | Noticed a two-headed ogre
 11953 | D:10     | Killed a two-headed ogre
 11961 | D:10     | Reached skill level 10 in Fighting
 12227 | D:10     | Reached skill level 1 in Shields
 12947 | D:11     | Received a gift from Trog
 12997 | D:11     | Found Nyefon's Gadget Shop.
 12997 | D:11     | Found Lady Uss's Antique Armour Shop.
 12997 | D:11     | Found Wetail's Book Shop.
 13008 | D:11     | Found Rymophep's Gadget Shop.
 13020 | D:11     | Bought a condenser vane for 400 gold pieces
 13020 | D:11     | Bought a lightning rod (4/4) for 300 gold pieces
 13233 | D:11     | Noticed a deep elf mage
 13242 | D:11     | Killed a deep elf mage
 13245 | D:11     | Got a translucent hat
 13351 | D:11     | Identified the -5 hat "Faas" {rCorr Int+4 Slay+2} (You
                  | found it on level 11 of the Dungeon)
 13389 | D:11     | Noticed a deep elf mage
 13393 | D:11     | Killed a deep elf mage
 13439 | D:11     | Reached skill level 11 in Fighting
 13930 | D:12     | Noticed Psyche
 13937 | D:12     | Killed Psyche
 13938 | D:12     | Reached XP level 12. HP: 110/110 MP: 11/11
 14141 | D:12     | Found a staircase to the Orcish Mines.
 14282 | D:12     | Noticed a death knight
 14312 | D:12     | Killed a death knight
 14324 | D:12     | Reached skill level 12 in Fighting
 14860 | Orc:1    | Entered Level 1 of the Orcish Mines
 15434 | Orc:1    | Noticed an orc high priest
 15443 | Orc:1    | Killed an orc high priest
 15694 | Orc:2    | Entered Level 2 of the Orcish Mines
 15780 | Orc:2    | Received a gift from Trog
 15811 | Orc:1    | Noticed an orc high priest
 15812 | Orc:1    | Noticed Erolcha
 15816 | Orc:1    | Reached skill level 13 in Fighting
 15834 | Orc:1    | Killed an orc high priest
 15855 | Orc:1    | Killed Erolcha
 16602 | Orc:2    | Reached XP level 13. HP: 108/122 MP: 8/12
 16686 | Orc:2    | Found Puaffon's Jewellery Shoppe.
 16697 | Orc:2    | Reached skill level 15 in Armour
 16728 | Orc:2    | HP: 6/123 [poisoned by an orc knight]
 16733 | Orc:2    | HP: 5/123 [poisoned by an orc knight]
 16738 | Orc:2    | HP: 5/123 [poisoned by an orc knight]
 16746 | Orc:2    | HP: 5/123 [poisoned by an orc knight]
 17156 | Orc:2    | Found Otatzef's Antique Weapon Shop.
 17196 | Orc:2    | Reached skill level 14 in Fighting
 17502 | Orc:2    | Found a staircase to the Elven Halls.
 17697 | Orc:2    | Found Rinuef's Weapon Shop.
 17736 | Orc:2    | Found Pythatih's Assorted Antiques.
 17835 | Orc:2    | Found a roughly hewn altar of Beogh.
 18101 | Lair:1   | Entered Level 1 of the Lair of Beasts
 19159 | Lair:2   | Received a gift from Trog
 19162 | Lair:2   | Got a transparent long sword {god gift}
 19163 | Lair:2   | Identified the +6 long sword "Ocwug" {flame, rF+} (Trog
                  | gifted it to you on level 2 of the Lair of Beasts)
 19181 | Lair:2   | Found a staircase to the Snake Pit.
 19452 | Lair:2   | You fall into a shaft and drop 2 floors!
 19561 | Lair:4   | Reached skill level 15 in Fighting
 19793 | Lair:3   | Found a frozen archway.
 19813 | IceCv    | Entered an ice cave
 20286 | IceCv    | Reached skill level 16 in Fighting
 20301 | IceCv    | Reached XP level 14. HP: 132/137 MP: 13/13
 20354 | IceCv    | Noticed a frost giant
 20363 | IceCv    | Killed a frost giant
 20406 | IceCv    | Acquired a manual of Shields
 20913 | Lair:3   | Received a gift from Trog
 21084 | Lair:3   | Reached skill level 5 in Shields
 22223 | Lair:2   | Found a staircase to the Swamp.
 22745 | Lair:5   | Reached skill level 17 in Fighting
 23503 | Lair:5   | Received a gift from Trog
 23648 | Lair:5   | Reached ****** piety under Trog
 23707 | Lair:5   | Found a viscous altar of Jiyva.
 23707 | Lair:5   | Found a staircase to the Slime Pits.
 23914 | Lair:6   | Entered Level 6 of the Lair of Beasts
 23935 | Lair:6   | Reached skill level 18 in Fighting
 24127 | Lair:6   | Reached XP level 15. HP: 138/150 MP: 14/14
 25009 | Lair:6   | Found a runed translucent door.
 25066 | Lair:6   | Reached skill level 19 in Fighting
 25683 | D:8      | Acquired a manual of Crossbows
 25695 | D:8      | Acquired a +0 tower shield of cold resistance
 25699 | D:8      | Acquired a manual of Dodging
 26023 | D:13     | Reached skill level 1 in Evocations
 26095 | D:13     | Reached skill level 10 in Shields
 26258 | D:13     | Received a gift from Trog
 26322 | D:13     | Found a gate to the Vaults.
 27131 | D:14     | Reached skill level 20 in Fighting
 27626 | D:14     | Found Fyr Qudi's Assorted Antiques.
 28291 | D:14     | Reached XP level 16. HP: 159/165 MP: 15/15
 28694 | D:15     | Entered Level 15 of the Dungeon
 29060 | D:15     | Received a gift from Trog
 29153 | D:15     | Found a staircase to the Depths.
 30033 | Swamp:1  | Entered Level 1 of the Swamp
 30378 | Swamp:1  | Reached skill level 21 in Fighting
 30834 | Swamp:1  | Noticed Donald
 30849 | Swamp:1  | Killed Donald
 31151 | Swamp:1  | Acquired a +1 kite shield of protection
 31800 | Swamp:2  | Reached skill level 5 in Evocations
 31960 | Swamp:2  | Received a gift from Trog
 32475 | Swamp:2  | Acquired the ring "Avevimm" {Ice *Contam Will+ Str+9 Int-2}
 32888 | Swamp:3  | Reached skill level 1 in Crossbows
 32911 | Swamp:3  | Noticed a thorn hunter
 32929 | Swamp:3  | Killed a thorn hunter
 32949 | Swamp:3  | Noticed a thorn hunter
 32958 | Swamp:3  | Killed a thorn hunter
 32959 | Swamp:3  | Reached skill level 22 in Fighting
 33206 | Swamp:3  | Reached XP level 17. HP: 176/176 MP: 16/16
 33563 | Swamp:4  | Entered Level 4 of the Swamp
 33579 | Swamp:4  | Reached skill level 15 in Shields
 34241 | Swamp:4  | Received a gift from Trog
 36373 | Swamp:4  | Reached skill level 10 in Dodging
 36678 | Swamp:4  | Got a decaying rune of Zot
 37138 | D:6      | Bought a potion of curing for 78 gold pieces
 38145 | Snake:1  | Entered Level 1 of the Snake Pit
 38154 | Snake:1  | Reached skill level 5 in Crossbows
 39282 | Snake:1  | Received a gift from Trog
 39283 | Snake:1  | Reached skill level 23 in Fighting
 40526 | Snake:2  | Reached XP level 18. HP: 164/188 MP: 15/17
 40961 | Snake:2  | Received a gift from Trog
 41551 | Snake:3  | Found Hikesuf's Mass Market.
 41675 | Snake:3  | Reached skill level 10 in Crossbows
 42083 | Snake:4  | Entered Level 4 of the Snake Pit
 43007 | Snake:4  | Received a gift from Trog
 43852 | Snake:4  | Got a serpentine rune of Zot
 43884 | Snake:4  | Reached skill level 15 in Dodging
 43927 | Snake:4  | Noticed Vashnia
 43955 | Snake:4  | Killed Vashnia
 43971 | Snake:4  | Reached skill level 24 in Fighting
 43986 | Snake:4  | Reached XP level 19. HP: 136/198 MP: 14/18
 45069 | Slime:1  | Entered Level 1 of the Pits of Slime
 45335 | Lair:5   | Received a gift from Trog
 45344 | Slime:1  | Gained mutation: You are dopey. (Int -2) [a shining eye]
 45345 | Slime:1  | Gained mutation: You do not regenerate when monsters are
                  | visible. [a shining eye]
 46216 | Slime:2  | Gained mutation: Your magical capacity is low. (-10% MP) [a
                  | shining eye]
 46991 | Slime:2  | Paralysed by a floating eye for 3 turns
 48257 | Slime:3  | Reached skill level 25 in Fighting
 48405 | Slime:3  | Received a gift from Trog
 49281 | Slime:4  | Gained mutation: You are occasionally teleported next to
                  | monsters. [a shining eye]
 49518 | Slime:5  | Entered Level 5 of the Pits of Slime
 49530 | Slime:5  | Reached skill level 10 in Evocations
 49530 | Slime:5  | Paralysed by a great orb of eyes for 7 turns
 50718 | Slime:5  | Gained mutation: You tend to lose your temper in combat. [a
                  | shining eye]
 50782 | Slime:5  | Paralysed by a floating eye for 2 turns
 51144 | Slime:5  | Reached XP level 20. HP: 212/212 MP: 17/17
 51515 | Slime:5  | Received a gift from Trog
 51639 | Slime:5  | Noticed the Royal Jelly
 52128 | Slime:5  | Killed the Royal Jelly
 52129 | Slime:5  | Reached skill level 26 in Fighting
 53265 | Slime:5  | Got a twitching ruby amulet
 53271 | Slime:5  | Identified the amulet "Meobru" {Inacc *Corrode rElec rPois
                  | Str+4 Dex+4} (You found it on level 5 of the Pits of Slime)
 53283 | Slime:5  | Got a slimy rune of Zot
 53295 | Slime:5  | Got a crude hand crossbow
 53296 | Slime:5  | Identified the +9 hand crossbow "Ameoceqi" {venom, +Fly rF+
                  | Int+2 Dex-2} (You found it on level 5 of the Pits of Slime)
 53308 | Slime:5  | Got a shimmering glass ring
 53311 | Slime:5  | Identified the ring of Niozow {Will- EV+4 Dex+2 SInv} (You
                  | found it on level 5 of the Pits of Slime)
 53316 | Slime:5  | Got a faintly humming crystal plate armour
 53317 | Slime:5  | Identified the +13 crystal plate armour "Zenuth" {rN+} (You
                  | found it on level 5 of the Pits of Slime)
 53802 | Vaults:1 | Entered Level 1 of the Vaults
 54177 | Vaults:1 | Found Bagosuit's Book Boutique.
 54823 | Vaults:1 | Reached skill level 27 in Fighting
 54984 | Vaults:1 | Received a gift from Trog
 55438 | Vaults:1 | Found a roughly hewn altar of Beogh.
 55451 | Vaults:1 | Reached XP level 21. HP: 193/224 MP: 14/17
 55781 | Vaults:2 | Noticed Xtahua
 55793 | Vaults:2 | Killed Xtahua
 56256 | Vaults:2 | Received a gift from Trog
 56589 | Vaults:2 | Got a scorched falchion
 56590 | Vaults:2 | Identified the +12 falchion "Ynnuit" {vamp, +Fly rPois rN+
                  | Int+4} (You found it on level 2 of the Vaults)
 56986 | Vaults:2 | Found a staircase to the Crypt.
 57043 | Vaults:2 | Received a gift from Trog
 57240 | Vaults:2 | You fall into a shaft and drop 1 floor!
 58038 | Vaults:3 | Received a gift from Trog
 58535 | Vaults:3 | Reached XP level 22. HP: 233/233 MP: 18/18
 58762 | Vaults:3 | Found Puticw's Armour Shop.
 59356 | Vaults:4 | Received a gift from Trog
 59929 | Vaults:4 | Reached skill level 15 in Evocations
 59982 | Vaults:4 | Received a gift from Trog
 60405 | Vaults:5 | Entered Level 5 of the Vaults
 60408 | Vaults:5 | Noticed a golden dragon
 60454 | Vaults:5 | Killed a golden dragon
 60482 | Vaults:5 | Received a gift from Trog
 60538 | Vaults:5 | Identified the ring "Zeotyduv" {rPois rN+ Dex+4 Stlth+}
 60562 | Vaults:5 | Reached XP level 23. HP: 182/240 MP: 9/19
 60866 | Vaults:5 | Identified the +10 short sword "Iluserch" {freeze, Str+2}
 60867 | Vaults:5 | Identified the +8 triple crossbow of Syistafi {flame, +Inv
                  | rF- rC+ rN+}
 60891 | Vaults:5 | Identified the +8 trident "Sunes" {protect, *Slow +Fly
                  | rPois Dex+6}
 60925 | Vaults:5 | Received a gift from Trog
 60950 | Vaults:5 | HP: 7/240 [golden dragon/bolt of fire (43)]
 60950 | Vaults:5 | Slain by a fire giant

Illustrated notes

Levels and vault maps discovered:
D:1:      kilobyte_arrival_exit_the_forest, layout_loops_ring,
          dk_noncrumbling_2, nrook_mini_backslash, nicolae_ashenzari_panopticon
D:2:      layout_rooms, minmay_tree_intersection, trog_butcher_becter,
          uniq_natasha
D:3:      layout_rooms, elyvilon_altar_1, st_stairs_5, corexii_corridor_pit,
          dk_yredelemnul_ordeal
D:4:      kennysheep_goblin_castle, layout_cave_pools,
          grunt_temple_overflow_open, minitemple,
          minmay_temple_entry_nine_rooms, serial_shops, shop,
          minmay_misc_feat_square
D:5:      layout_loops_ring
D:6:      layout_loops_ring, nicolae_gozag_cash_rules_everything_around_me,
          chequers_temple_overflow_minitemple, serial_shops,
          kennysheep_little_box, kb_lookout_dungeons_type
D:7:      layout_rooms, xom_shifter_show, uniq_maggie
D:8:      layout_loops_ring, dpeg_oklobed_lair, hangedman_pestilent_swarm,
          minmay_misc_feat_more_columns
D:9:      layout_stronghold, old_standard_altar, enter_bailey_8,
          serial_column_ruins, column_ruins_open_tiny,
          column_ruins_open_medium_water, column_ruins_open_medium,
          column_ruins_open_tiny, column_ruins_columns_corner, disabler_island,
          uniq_joseph
D:10:     layout_rooms, minmay_three_doors
D:11:     layout_cave_pools, minmay_shop_grid_forest, hangedman_minor_magic
D:12:     layout_roguey, minmay_orc_entry_guard_dogs, uniq_psyche
D:13:     layout_basic, grunt_vaults_entry_tiered
D:14:     minmay_shrinking_squares, layout_cave_pools, serial_shops, shop,
          gauntlet_entry_generic, serial_park_fountain
D:15:     grunt_enter_depths_hoard, layout_basic, chequers_serial_rivers_room_a
Lair:1:   layout_chaotic_city, lemuel_fruit_fields
Lair:2:   layout_concentric_octagons, swamp_mist_pool,
          guppyfry_snake_entry_island, lemuel_old_faithful,
          infiniplex_staircase_pool
Lair:3:   layout_layer_cave, portal_ice_cave_entry_imps, minivault_25,
          st_stairs_5, minmay_lair_oklob_chamber
Lair:4:   layout_layer_cave, grunt_megastairs_1
Lair:5:   layout_roguey, dpeg_slime_entry_enclosed_altar, serial_bayou_ford_a,
          beast_lair_carwin_4, grunt_megastairs_3
Lair:6:   wormcave, layout_regular_city
Swamp:1:  layout_falls_marsh, evilmike_swamp_ruin_house_2, swamp_pool2,
          uniq_donald
Swamp:2:  layout_basic_swamp, hangedman_swamp_blocks
Swamp:3:  nicolae_swamp_phyte_club, layout_falls_marsh,
          evilmike_swamp_ruin_house_3, swamp_pool1
Swamp:4:  swamp_basic_johnstein, layout_basic_swamp
Snake:1:  layout_grid_maze, drop_trap, serial_bayou_pond_e
Snake:2:  layout_gridlike
Snake:3:  layout_rooms, minmay_shop_mass
Snake:4:  snake_pit, layout_rooms, grunt_ministairs_4, lemuel_fruit_tree,
          uniq_vashnia
Slime:1:  layout_caves
Slime:2:  layout_caves, cheibrodos_slime_lost_civilization_7
Slime:3:  layout_caves, cheibrodos_slime_lost_civilization_4
Slime:4:  layout_caves, basic_altar
Slime:5
Orc:1:    layout_caves, uniq_erolcha
Orc:2:    st_orc_town, layout_diamond_mine
Vaults:1: ontoclasm_vaults_fault, v_misc_22, vaults_room_door_hall,
          nicolae_vaults_windows_and_doors_thing, hangedman_vaults_hat,
          nicolae_vaults_arrows, nicolae_vaults_big_angled_halls,
          special_room_vaults [special_room_orc], nicolae_vaults_network_square,
          v_misc_19, vaults_room_grunt_arrival_checkpoint,
          layout_vaults_omnibox, serial_shops, shop
Vaults:2: nicolae_vaults_lopsided_apartments, ontoclasm_vaults_gateway,
          hangedman_vaults_pinch, v_misc_9, minmay_crypt_entry_simple_walls,
          v_misc_24, vaults_room_semicircle, grunt_vaults_hallway_long,
          nicolae_vaults_ring_of_whatevers, v_pattern_3, nicolae_vaults_big_ls,
          vaults_room_grunt_arrival_ludios, layout_vaults_maze, uniq_xtahua
Vaults:3: v_misc_3, vaults_mumra_hex, hangedman_vaults_nails,
          hangedman_vaults_cutoff, nicolae_vaults_little_squares_4,
          nicolae_vaults_little_ls, vaults_room_corners,
          nicolae_vaults_border_crossing, vaults_dpeg_ring,
          vaults_room_door_ring, vaults_dpeg_encased_lava,
          layout_vaults_chaotic_city, serial_shops, nicolae_shop_statue_plus
Vaults:4: v_pattern_2, hangedman_vaults_slither,
          hangedman_vaults_stretched_pinwheel, nicolae_vaults_ring_of_whatevers,
          vaults_standard_mumra_x, v_alt_pattern_3, v_misc_31,
          grunt_vaults_focal, layout_vaults_omnicross
Vaults:5

Skill      XL: |  1  2  3  4  5  6  7  8  9 10 11 12 13 14 15 16 17 18 19 20 21 22 23 |
---------------+----------------------------------------------------------------------+-----
Fighting       | 4 5 6 7 8 9 11 13 16 18 20 22 23 24 25 27 | 27.0
Long Blades    | 4 5 6 7 8 10 11 13 14 | 14.1
Armour         | 3 4 5 6 9 10 12 14 16 17 18 | 18.0
Dodging        | 3 4 5 6 7 8 12 15 16 17 19 21 | 21.8
Slings         | 1 |  1.8
Shields        | 4 8 12 14 15 | 15.0
Evocations     | 3 5 7 8 10 11 14 16 17 | 17.1
Crossbows      | 1 8 11 | 11.9

Action                   |  1- 3 |  4- 6 |  7- 9 | 10-12 | 13-15 | 16-18 | 19-21 | 22-24 || total
-------------------------+-------+-------+-------+-------+-------+-------+-------+-------++-------
Melee: Falchion          |    45 |    82 |   142 |       |       |       |    91 |   657 ||  1017
       Headbutt          |     7 |    17 |    79 |   125 |   321 |   322 |   455 |   269 ||  1595
       Long sword        |       |       |   213 |    66 |   367 |       |       |       ||   646
       Great sword       |       |       |       |   263 |       |       |       |       ||   263
       Demon blade       |       |       |       |   279 |   828 |  1044 |  1049 |       ||  3200
 Fire: Hunting sling     |       |       |       |    37 |       |       |       |       ||    37
       Hand crossbow     |       |       |       |       |       |   242 |   423 |    38 ||   703
Invok: Berserk           |     1 |     2 |     4 |     8 |     5 |     3 |     4 |       ||    27
       Trog's Hand       |       |       |     1 |     3 |     5 |     3 |    11 |     2 ||    25
       Brothers in Arms  |       |       |       |     2 |     1 |     3 |     5 |       ||    11
Evoke: Wand              |       |       |       |       |       |     1 |     4 |       ||     5
       Lightning rod     |       |       |       |       |       |     1 |     2 |       ||     3
       Condenser vane    |       |       |       |       |       |     1 |     1 |     3 ||     5
       Phial of floods   |       |       |       |       |       |     1 |       |       ||     1
       Box of beasts     |       |       |       |       |       |       |     1 |       ||     1
  Use: Scroll            |       |     7 |     7 |    11 |    23 |    15 |    13 |     2 ||    78
       Potion            |       |       |       |     1 |       |     8 |     2 |     2 ||    13
 Stab: Petrified         |       |       |       |       |     1 |       |       |       ||     1
Armor: Animal skin       |     3 |       |       |       |       |       |       |       ||     3
       Ring mail         |     8 |    21 |    62 |       |       |       |       |       ||    91
       Scale mail        |       |       |    54 |    34 |       |       |       |       ||    88
       Plate armour      |       |       |       |   411 |   521 |   243 |   239 |       ||  1414
       Swamp dragon scal |       |       |       |       |       |   116 |     6 |       ||   122
       Crystal plate arm |       |       |       |       |       |       |   220 |   296 ||   516
Dodge: Dodged            |    16 |    57 |   293 |   510 |   654 |   560 |   528 |   265 ||  2883
Block: Buckler           |       |       |       |    32 |   207 |   139 |       |       ||   378
       Kite shield       |       |       |       |       |       |   516 |   914 |   536 ||  1966
       Rpst.: Falchion   |     3 |    25 |    30 |       |       |       |     8 |    54 ||   120
       Long sword        |       |       |    34 |    11 |    49 |       |       |       ||    94
       Great sword       |       |       |       |    61 |       |       |       |       ||    61
       Demon blade       |       |       |       |    31 |   111 |    82 |    83 |       ||   307
